cohdb
Replays
Latest Replays
All Replays
Popular Replays
Top Player Replays
Match Explorer
How It Works
Community
CoH3 Stats
Reddit
Sign in to upload your games and track your stats! →
Sign in with Steam
Match 47189466
Unlisted
Match 47189466
Overview
Messages
Build Orders
End
250 Light Carrier
Selects Panzerjäger Kommand Battlegroup
Selects Panzerjäger Kommand Battlegroup
Panzergrenadier Squad
250 Light Carrier
Construct Light Support Kompanie
Panzergrenadier Squad
Fire Support Elements
Combat Half-tracks
Selects Tank Busters
Selects Mine Fields
Veteran Squad Leaders
Flakvierling Half-track
Pak 38 Anti-tank Gun Team
Selects Crew Shock Tactics
Construct Panzerarmee Kommand
Pak 38 Anti-tank Gun Team
Armored Reserves
Dombrek
Dinks
playa* ease my mind...
aLias
Rap Rap
SpiNoS
Serial Chiller
MHKarimii
0
0
Comments
sign in to comment!
No comments posted yet!